Islanders vs Wolves

Created - 31 décembre 2023 at 15:25

Goals
1 2 3 T
Islanders 0 0 2 2
Wolves 0 3 1 4
Shots
1 2 3 T
Islanders 2 8 7 17
Wolves 6 24 10 40

GoalsPenalties
1st period
No Goal
Libor Hajek (NYI) for Roughing (Minor) at 3:57
Matt Coronato (NYI) for Holding (Minor) at 16:11
2nd period
1. Wolves , Kiefer Sherwood 41 (Lane Pederson 57) at 11:44
2. Wolves , Joseph Blandisi 4 (Arnaud Durandeau 18) at 18:36
3. Wolves , Kevin Gravel 7 (Kiefer Sherwood 34, Lane Pederson 58) at 18:44
No Penalty
3rd period
4. Wolves , Alex Steeves 8 (Ty Smith 19, Tyler Benson 7) at 14:44
5. Islanders , Cole Cassels 7 (Matt Coronato 20, Alexander Nylander 28) at 17:24 (PP)
6. Islanders , Matt Coronato 18 (Jack Dougherty 6) at 18:33
Ty Smith (CAR) for Tripping (Minor) at 5:05
Turner Ottenbreit (CAR) for Roughing (Minor) at 9:21
Kiefer Sherwood (CAR) for Fighting (Major) at 16:51
Libor Hajek (NYI) for Fighting (Major) at 16:51
Kiefer Sherwood (CAR) for instigated a fight (Minor) at 16:51
Kiefer Sherwood (CAR) for instigated a fight (10 Minutes Misconduct) at 16:51
Goalie Stats
Hugo Alnefelt (NYI), 36 saves from 40 shots - (0,900), L, 23-27-6, 60:00 minutes
Nico Daws (CAR), 15 saves from 17 shots - (0,882), W, 39-9-6, 60:00 minutes
3 StarsOfficial
1 - Kevin Gravel (CAR)
2 - Lane Pederson (CAR)
3 - Joseph Blandisi (CAR)
Referees : Shauna Neary and Ghislain Hebert
Linesman : Devin Berg and Tyson Baker
Game Note
Hayden Hodgson is injured at 18:03 of 2nd period (Sprained Left Finger)
Kiefer Sherwood beats up Libor Hajek at 16:51 of 3rd period



Team Name Goals Shots Shots Attemp Shots Blocked PIM HIT PP PK FO%
Islanders 21728119261 / 3 (33%)033%
Wolves 44071221420 / 2 (0%)167%

Islanders
Player Name POS G A P +/- PIM HIT SHT SB MP PP MP PP SHT PK MP PK SHT FO% FOT GA TA
Alexander NylanderC/LW/RW011-2032023:512:0212:04032% 2801
Brandon GignacLW0000021012:301:3700:4300% 010
Brent Gates Jr.C0000000011:471:3301:4100% 401
Cole CasselsC1011043220:472:1111:03025% 400
David FarranceD0000010222:491:2201:2200% 000
Hayden HodgsonRW000001019:190:0000:0000% 000
Henri NikkanenC000000000:080:0000:0000% 000
Jack DoughertyD0111011317:282:4302:2000% 000
Jackson CatesC000000003:020:0000:0000% 000
Jakub GalvasD000-1000119:130:1400:4500% 000
Jordy BelleriveC000000004:460:5200:0800% 000
Libor HajekD000-3741027:072:0601:1200% 000
Matt CoronatoRW112-3233025:402:1801:06133% 301
Mitchell Vande SompelD000-3022129:412:4702:2200% 000
Ryan SchmelzerC000-3021124:321:4600:00050% 200
Seth BartonD000001005:340:0000:0000% 000
Taro HiroseLW000-1001019:210:4201:03050% 1000
Tyler MaddenC000-1022018:240:2200:0300% 100
Wolves
Player Name POS G A P +/- PIM HIT SHT SB MP PP MP PP SHT PK MP PK SHT FO% FOT GA TA
Alex SteevesLW/RW1011003010:120:0000:0000% 000
Arnaud DurandeauLW0111033013:281:3600:2300% 000
Cedric ParéC000103009:520:0000:00050% 400
Jack DruryC0000042017:241:1702:28067% 610
Joonas DonskoiRW000-1012018:011:1701:4200% 100
Joseph BlandisiC1011033012:370:3300:25050% 400
Kevin GravelD1012042025:512:1202:5700% 000
Kiefer SherwoodLW/RW11221714018:522:0801:5500% 000
Lane PedersonC0221053119:122:0800:47078% 3210
Matt BartkowskiD000-1003014:440:0001:4400% 000
Matt TennysonD0002010025:262:1202:2000% 000
Milos KelemenRW0001022011:260:0000:0000% 000
Tory DelloD000-1012012:520:0000:0000% 000
Turner OttenbreitD0002241120:421:4601:0000% 001
Ty SmithD0112221020:411:4601:0100% 010
Tyler BensonLW/RW0111041010:160:1400:0000% 000
Will BittenC/RW0001017018:152:0800:00040% 500
Zach SanfordLW/RW0000031015:350:3301:2200% 000

Islanders

5 vs 5 Forward
Line #Left WingCenterRight WingPHYDFOFWanted %Time %Time Play
1Matt CoronatoAlexander NylanderRyan Schmelzer1224028%14:37
2Cole CasselsAlexander NylanderMatt Coronato1223022%11:17
3Ryan SchmelzerCole CasselsMatt Coronato1222016%8:17
4Tyler MaddenTaro HiroseMatt Coronato1221034%17:20
5 vs 5 Defense
Line #DefenseDefensePHYDFOFWanted %Time %Time Play
1Mitchell Vande SompelLibor Hajek1224027%13:45
2David FarranceLibor Hajek1223029%14:52
3Jakub GalvasMitchell Vande Sompel1222031%15:53
4Libor HajekJack Dougherty1221014%7:01
Power Play Forward
Line #Left WingCenterRight WingPHYDFOFWanted %Time %Time Play
1Matt CoronatoAlexander NylanderRyan Schmelzer1226057%2:34
2Matt CoronatoAlexander NylanderCole Cassels1224043%1:57
Power Play Defense
Line #DefenseDefensePHYDFOFWanted %Time %Time Play
1Mitchell Vande SompelLibor Hajek1226063%2:52
2Libor HajekJack Dougherty1224037%1:39
Penalty Kill 4 Players Forward
Line #CenterWingPHYDFOFWanted %Time %Time Play
1Matt CoronatoAlexander Nylander1226088%3:29
2Alexander NylanderMatt Coronato1224012%0:29
Penalty Kill 4 Players Defense
Line #DefenseDefensePHYDFOFWanted %Time %Time Play
1Mitchell Vande SompelLibor Hajek1226073%2:53
2Libor HajekJack Dougherty1224027%1:05
Penalty Kill 3 Players
Line #WingPHYDFOFWanted %Time %Time PlayDefenseDefensePHYDFOFWanted %Time %Time Play
1Matt Coronato122600%0:00 Jack DoughertyLibor Hajek122600%0:00
2Matt Coronato122400%0:00 Libor HajekMitchell Vande Sompel122400%0:00
4 vs 4 Forward
Line #CenterWingPHYDFOFWanted %Time %Time Play
1Matt CoronatoAlexander Nylander122600%0:00
2Alexander NylanderMatt Coronato122400%0:00
4 vs 4 Defense
Line #DefensePHYDFOFWanted %Time %Time Play
1Libor HajekMitchell Vande Sompel122600%0:00
2Libor HajekMitchell Vande Sompel122400%0:00
Last Minutes Offensive
Left WingCenterRight WingDefenseDefense
Matt CoronatoAlexander NylanderRyan SchmelzerMitchell Vande SompelLibor Hajek
Last Minutes Defensive
Left WingCenterRight WingDefenseDefense
Matt CoronatoAlexander NylanderRyan SchmelzerMitchell Vande SompelLibor Hajek
Time
Total ForwardTotal DefenseLast Minutes OffensiveLast Minutes Defensive
60:00 60:00 0:000:00
Extra Forwards
Normal PowerPlayPenalty Kill
Ryan Schmelzer, Alexander Nylander, Matt CoronatoMatt Coronato, Alexander NylanderMatt Coronato
Extra Defensemen
Normal PowerPlayPenalty Kill
David Farrance, Libor Hajek, Jack DoughertyLibor Hajek, Jack DoughertyLibor Hajek
Penalty Shots
Alexander Nylander, Matt Coronato, Taro Hirose, Ryan Schmelzer, Cole Cassels
Goalie
Hugo Alnefelt, Dennis Hildeby
Scratches
Seth Helgeson (Sprained Right Ankle Injury), Dmitry Osipov (Healthy), John Moore (Healthy), Kody Clark (Healthy), Steven Fogarty (Healthy) Matthew Strome (Healthy), Brendan Warren (Healthy), Cameron Hillis (Healthy), Cedric Lacroix (Healthy), Grigori Denisenko (Healthy) Hunter Jones (Healthy)

Wolves

5 vs 5 Forward
Line #Left WingCenterRight WingPHYDFOFWanted %Time %Time Play
1Kiefer SherwoodLane PedersonWill Bitten1224032%16:17
2Zach SanfordJack DruryJoonas Donskoi1223027%13:56
3Arnaud DurandeauJoseph BlandisiMilos Kelemen1222022%11:26
4Alex SteevesCedric ParéTyler Benson1221019%9:52
5 vs 5 Defense
Line #DefenseDefensePHYDFOFWanted %Time %Time Play
1Kevin GravelMatt Tennyson1224036%18:42
2Ty SmithTurner Ottenbreit1223034%17:45
3Tory DelloMatt Bartkowski1222025%12:52
4Kevin GravelMatt Tennyson122104%2:12
Power Play Forward
Line #Left WingCenterRight WingPHYDFOFWanted %Time %Time Play
1Kiefer SherwoodLane PedersonWill Bitten1226054%2:08
2Arnaud DurandeauJack DruryJoonas Donskoi1224046%1:50
Power Play Defense
Line #DefenseDefensePHYDFOFWanted %Time %Time Play
1Kevin GravelMatt Tennyson1226055%2:12
2Ty SmithTurner Ottenbreit1224045%1:46
Penalty Kill 4 Players Forward
Line #CenterWingPHYDFOFWanted %Time %Time Play
1Jack DruryKiefer Sherwood1226091%4:06
2Joseph BlandisiJoonas Donskoi122409%0:25
Penalty Kill 4 Players Defense
Line #DefenseDefensePHYDFOFWanted %Time %Time Play
1Kevin GravelMatt Tennyson1226052%2:20
2Ty SmithTurner Ottenbreit1224048%2:11
Penalty Kill 3 Players
Line #WingPHYDFOFWanted %Time %Time PlayDefenseDefensePHYDFOFWanted %Time %Time Play
1Jack Drury122600%0:00 Kevin GravelMatt Tennyson122600%0:00
2Joonas Donskoi122400%0:00 Ty SmithTurner Ottenbreit122400%0:00
4 vs 4 Forward
Line #CenterWingPHYDFOFWanted %Time %Time Play
1Will BittenKiefer Sherwood122600%0:00
2Lane PedersonJoonas Donskoi122400%0:00
4 vs 4 Defense
Line #DefensePHYDFOFWanted %Time %Time Play
1Kevin GravelMatt Tennyson122600%0:00
2Ty SmithTurner Ottenbreit122400%0:00
Last Minutes Offensive
Left WingCenterRight WingDefenseDefense
Kiefer SherwoodJack DruryJoonas DonskoiKevin GravelMatt Tennyson
Last Minutes Defensive
Left WingCenterRight WingDefenseDefense
Kiefer SherwoodJack DruryJoonas DonskoiKevin GravelMatt Tennyson
Time
Total ForwardTotal DefenseLast Minutes OffensiveLast Minutes Defensive
60:00 60:00 0:000:00
Extra Forwards
Normal PowerPlayPenalty Kill
Joonas Donskoi, Jack Drury, Alex SteevesJoonas Donskoi, Arnaud DurandeauJoonas Donskoi
Extra Defensemen
Normal PowerPlayPenalty Kill
Turner Ottenbreit, Ty Smith, Matt TennysonTurner Ottenbreit, Turner OttenbreitTy Smith
Penalty Shots
Will Bitten, Kiefer Sherwood, Lane Pederson, Jack Drury, Joonas Donskoi
Goalie
Nico Daws, Daniil Tarasov
Scratches
Nate Schnarr (Healthy), Blade Jenkins (Healthy), Cole Perfetti (Left Ankle Injury), Slater Koekkoek (Healthy), Mathias Laferriere (Healthy) Vincent Sevigny (Healthy), Vladislav Firstov (Healthy), Keith Petruzzelli (Healthy), Olof Lindbom (Healthy)


Play-by-Play

1st period


0:01 of 1st period - Lane Pederson wins face-off versus Alexander Nylander in neutral zone.
0:26 of 1st period - Mitchell Vande Sompel is hit by Jack Drury and loses puck.
1:14 of 1st period - Alex Steeves is hit by Alexander Nylander and loses puck.
1:34 of 1st period - Snap shot by Kiefer Sherwood.
1:34 of 1st period - Deflect By Will Bitten.
1:34 of 1st period - Stopped by Hugo Alnefelt without a rebound.
1:35 of 1st period - Taro Hirose wins face-off versus Joonas Donskoi in Islanders zone.
3:08 of 1st period - Snap shot by Alex Steeves.
3:08 of 1st period - Stopped by Hugo Alnefelt without a rebound.
3:09 of 1st period - Lane Pederson wins face-off versus Brent Gates Jr. in Islanders zone.
3:22 of 1st period - Wrist shot by Kiefer Sherwood.
3:22 of 1st period - Shot Blocked by David Farrance.
3:24 of 1st period - Snap shot by Kiefer Sherwood.
3:24 of 1st period - Deflect By Lane Pederson.
3:24 of 1st period - Stopped by Hugo Alnefelt with a rebound.
3:55 of 1st period - Slapshot by Ty Smith.
3:55 of 1st period - Stopped by Hugo Alnefelt with a rebound.
3:57 of 1st period - Minor Penalty to Libor Hajek for Roughing.
3:58 of 1st period - Matt Coronato wins face-off versus Will Bitten in Islanders zone.
3:58 of 1st period - Matt Coronato is hit by Lane Pederson.
4:05 of 1st period - Icing by Lane Pederson.
4:06 of 1st period - Lane Pederson wins face-off versus Matt Coronato in Wolves zone.
4:33 of 1st period - Slapshot by Matt Coronato.
4:33 of 1st period - Stopped by Nico Daws with a rebound.
5:22 of 1st period - Jakub Galvas is hit by Turner Ottenbreit and loses puck.
5:57 of 1st period - Penalty to Libor Hajek is over, Libor Hajek is back on ice.
6:12 of 1st period - Backhand shot by Matt Bartkowski.
6:12 of 1st period - Stopped by Hugo Alnefelt with a rebound.
6:44 of 1st period - Mitchell Vande Sompel is hit by Cedric Paré and loses puck.
8:34 of 1st period - Cole Cassels is hit by Tory Dello and loses puck.
8:49 of 1st period - Hayden Hodgson is hit by Tyler Benson and loses puck.
9:25 of 1st period - Libor Hajek is hit by Joonas Donskoi and loses puck.
10:05 of 1st period - Ryan Schmelzer is hit by Lane Pederson and loses puck.
10:37 of 1st period - Jack Dougherty is hit by Turner Ottenbreit and loses puck.
12:46 of 1st period - Tyler Madden is hit by Will Bitten and loses puck.
13:53 of 1st period - Jackson Cates is hit by Tyler Benson and loses puck.
14:01 of 1st period - Ryan Schmelzer is hit by Cedric Paré and loses puck.
14:44 of 1st period - Joonas Donskoi is hit by Seth Barton and loses puck.
14:56 of 1st period - Zach Sanford is hit by Brandon Gignac and loses puck.
15:03 of 1st period - Jackson Cates is hit by Zach Sanford and loses puck.
15:08 of 1st period - Snap shot by Joonas Donskoi.
15:08 of 1st period - Shot Blocked by David Farrance.
15:29 of 1st period - Ryan Schmelzer is hit by Jack Drury and loses puck.
15:46 of 1st period - Matt Tennyson is hit by Brandon Gignac and loses puck.
15:55 of 1st period - Snap shot by Ryan Schmelzer.
15:55 of 1st period - Stopped by Nico Daws without a rebound.
15:56 of 1st period - Lane Pederson wins face-off versus Alexander Nylander in Wolves zone.
16:01 of 1st period - Snap shot by Kiefer Sherwood.
16:01 of 1st period - Stopped by Hugo Alnefelt without a rebound.
16:02 of 1st period - Lane Pederson wins face-off versus Alexander Nylander in Islanders zone.
16:09 of 1st period - Wrist shot by Lane Pederson.
16:09 of 1st period - Shot Blocked by Mitchell Vande Sompel.
16:11 of 1st period - Minor Penalty to Matt Coronato for Holding.
16:12 of 1st period - Will Bitten wins face-off versus Brent Gates Jr. in Islanders zone.
17:40 of 1st period - David Farrance is hit by Zach Sanford and loses puck.
18:11 of 1st period - Penalty to Matt Coronato is over, Matt Coronato is back on ice.
18:41 of 1st period - Turner Ottenbreit is hit by Tyler Madden and loses puck.
Goals for this period are 0 for Islanders vs 0 for Wolves.
Shots for this period are 2 for Islanders vs 6 for Wolves.

2nd period


0:01 of 2nd period - Lane Pederson wins face-off versus Alexander Nylander in neutral zone.
0:03 of 2nd period - Off-side.
0:04 of 2nd period - Alexander Nylander wins face-off versus Lane Pederson in neutral zone.
0:07 of 2nd period - Will Bitten is hit by Libor Hajek.
0:14 of 2nd period - Off-side.
0:15 of 2nd period - Lane Pederson wins face-off versus Cole Cassels in neutral zone.
0:42 of 2nd period - Tyler Madden is hit by Jack Drury and loses puck.
0:55 of 2nd period - Joonas Donskoi is hit by Libor Hajek.
1:12 of 2nd period - Snap shot by Matt Coronato.
1:12 of 2nd period - Shot Misses the Net.
1:18 of 2nd period - Snap shot by Matt Coronato.
1:18 of 2nd period - Shot Misses the Net.
1:20 of 2nd period - Backhand shot by Matt Coronato.
1:20 of 2nd period - Shot Misses the Net.
1:22 of 2nd period - Slapshot by Jack Dougherty.
1:22 of 2nd period - Stopped by Nico Daws with a rebound.
1:24 of 2nd period - Wrist shot by Matt Coronato.
1:24 of 2nd period - Stopped by Nico Daws with a rebound.
1:26 of 2nd period - Snap shot by Matt Coronato.
1:26 of 2nd period - Shot Misses the Net.
1:28 of 2nd period - Wrist shot by Taro Hirose.
1:28 of 2nd period - Shot Blocked by Turner Ottenbreit.
1:30 of 2nd period - Snap shot by Tyler Madden.
1:30 of 2nd period - Stopped by Nico Daws without a rebound.
1:31 of 2nd period - Lane Pederson wins face-off versus Alexander Nylander in Wolves zone.
1:36 of 2nd period - Wrist shot by Alexander Nylander.
1:36 of 2nd period - Stopped by Nico Daws without a rebound.
1:37 of 2nd period - Will Bitten wins face-off versus Alexander Nylander in Wolves zone.
1:42 of 2nd period - Snap shot by Will Bitten.
1:42 of 2nd period - Shot Blocked by Jack Dougherty.
1:48 of 2nd period - Will Bitten is hit by Cole Cassels and loses puck.
2:17 of 2nd period - Arnaud Durandeau is hit by Cole Cassels and loses puck.
2:36 of 2nd period - Wrist shot by Jack Drury.
2:36 of 2nd period - Shot Blocked by Cole Cassels.
2:38 of 2nd period - Wrist shot by Joonas Donskoi.
2:38 of 2nd period - Stopped by Hugo Alnefelt with a rebound.
2:44 of 2nd period - Slapshot by Jack Drury.
2:44 of 2nd period - Stopped by Hugo Alnefelt with a rebound.
3:10 of 2nd period - Wrist shot by Kiefer Sherwood.
3:10 of 2nd period - Shot Misses the Net.
3:24 of 2nd period - Slapshot by Zach Sanford.
3:24 of 2nd period - Shot Misses the Net.
3:26 of 2nd period - Slapshot by Tory Dello.
3:26 of 2nd period - Stopped by Hugo Alnefelt with a rebound.
3:36 of 2nd period - Ryan Schmelzer is hit by Joseph Blandisi and loses puck.
3:49 of 2nd period - Hayden Hodgson is hit by Ty Smith and loses puck.
4:02 of 2nd period - Snap shot by Alex Steeves.
4:02 of 2nd period - Shot Misses the Net.
4:40 of 2nd period - Mitchell Vande Sompel is hit by Kevin Gravel and loses puck.
4:49 of 2nd period - Arnaud Durandeau is hit by Matt Coronato.
4:59 of 2nd period - David Farrance is hit by Lane Pederson and loses puck.
5:40 of 2nd period - Cole Cassels is hit by Matt Tennyson and loses puck.
6:08 of 2nd period - Wrist shot by Will Bitten.
6:08 of 2nd period - Stopped by Hugo Alnefelt with a rebound.
6:18 of 2nd period - Brandon Gignac is hit by Joseph Blandisi and loses puck.
6:45 of 2nd period - Brandon Gignac is hit by Turner Ottenbreit.
6:57 of 2nd period - Mitchell Vande Sompel is hit by Kiefer Sherwood and loses puck.
7:49 of 2nd period - Off-side.
7:50 of 2nd period - Lane Pederson wins face-off versus Tyler Madden in neutral zone.
7:55 of 2nd period - Wrist shot by Lane Pederson.
7:55 of 2nd period - Stopped by Hugo Alnefelt with a rebound.
7:57 of 2nd period - Wrist shot by Lane Pederson.
7:57 of 2nd period - Shot Misses the Net.
8:40 of 2nd period - David Farrance is hit by Arnaud Durandeau and loses puck.
8:47 of 2nd period - Backhand shot by Arnaud Durandeau.
8:47 of 2nd period - Shot Misses the Net.
8:49 of 2nd period - Wrist shot by Milos Kelemen.
8:49 of 2nd period - Stopped by Hugo Alnefelt with a rebound.
8:59 of 2nd period - Kiefer Sherwood is hit by Hayden Hodgson and loses puck.
9:17 of 2nd period - Off-side.
9:18 of 2nd period - Taro Hirose wins face-off versus Cedric Paré in neutral zone.
9:20 of 2nd period - Mitchell Vande Sompel is hit by Tyler Benson and loses puck.
9:27 of 2nd period - Snap shot by Brandon Gignac.
9:27 of 2nd period - Stopped by Nico Daws with a rebound.
9:44 of 2nd period - Libor Hajek is hit by Ty Smith and loses puck.
9:59 of 2nd period - Slapshot by Arnaud Durandeau.
9:59 of 2nd period - Stopped by Hugo Alnefelt without a rebound.
10:00 of 2nd period - Joseph Blandisi wins face-off versus Taro Hirose in Islanders zone.
10:01 of 2nd period - Slapshot by Arnaud Durandeau.
10:01 of 2nd period - Shot Misses the Net.
10:03 of 2nd period - Wrist shot by Arnaud Durandeau.
10:03 of 2nd period - Shot Hit the Post.
10:05 of 2nd period - Slapshot by Joseph Blandisi.
10:05 of 2nd period - Shot Misses the Net.
10:07 of 2nd period - Wrist shot by Milos Kelemen.
10:07 of 2nd period - Shot Misses the Net.
10:09 of 2nd period - Wrist shot by Milos Kelemen.
10:09 of 2nd period - Stopped by Hugo Alnefelt with a rebound.
10:11 of 2nd period - Wrist shot by Milos Kelemen.
10:11 of 2nd period - Shot Blocked by Jakub Galvas.
10:38 of 2nd period - Backhand shot by Ryan Schmelzer.
10:38 of 2nd period - Shot Misses the Net.
10:54 of 2nd period - Snap shot by Will Bitten.
10:54 of 2nd period - Stopped by Hugo Alnefelt without a rebound.
10:55 of 2nd period - Lane Pederson wins face-off versus Alexander Nylander in Islanders zone.
11:08 of 2nd period - Wrist shot by Will Bitten.
11:08 of 2nd period - Stopped by Hugo Alnefelt with a rebound.
11:10 of 2nd period - Wrist shot by Kiefer Sherwood.
11:10 of 2nd period - Shot Misses the Net.
11:26 of 2nd period - Backhand shot by Arnaud Durandeau.
11:26 of 2nd period - Stopped by Hugo Alnefelt with a rebound.
11:28 of 2nd period - Snap shot by Arnaud Durandeau.
11:28 of 2nd period - Stopped by Hugo Alnefelt without a rebound.
11:29 of 2nd period - Lane Pederson wins face-off versus Alexander Nylander in Islanders zone.
11:42 of 2nd period - Wrist shot by Will Bitten.
11:42 of 2nd period - Stopped by Hugo Alnefelt without a rebound.
11:43 of 2nd period - Lane Pederson wins face-off versus Matt Coronato in Islanders zone.
11:44 of 2nd period - Wrist shot by Kiefer Sherwood.
11:44 of 2nd period - Goal by Kiefer Sherwood - Islanders : 0 - Wolves : 1.
11:45 of 2nd period - Lane Pederson wins face-off versus Alexander Nylander in neutral zone.
11:47 of 2nd period - Matt Tennyson is hit by Matt Coronato and loses puck.
11:52 of 2nd period - Ryan Schmelzer is hit by Lane Pederson and loses puck.
12:19 of 2nd period - Slapshot by Kevin Gravel.
12:19 of 2nd period - Deflect By Zach Sanford.
12:19 of 2nd period - Shot Misses the Net.
12:19 of 2nd period - Puck is out of play.
12:20 of 2nd period - Alexander Nylander wins face-off versus Lane Pederson in Islanders zone.
12:25 of 2nd period - Ty Smith is hit by Cole Cassels.
13:17 of 2nd period - Backhand shot by Taro Hirose.
13:17 of 2nd period - Stopped by Nico Daws without a rebound.
13:18 of 2nd period - Jack Drury wins face-off versus Taro Hirose in Wolves zone.
13:41 of 2nd period - Will Bitten is hit by Cole Cassels and loses puck.
13:50 of 2nd period - Snap shot by Lane Pederson.
13:50 of 2nd period - Stopped by Hugo Alnefelt with a rebound.
13:52 of 2nd period - Slapshot by Tory Dello.
13:52 of 2nd period - Stopped by Hugo Alnefelt with a rebound.
14:04 of 2nd period - Arnaud Durandeau is hit by Ryan Schmelzer and loses puck.
14:41 of 2nd period - Tyler Madden is hit by Kevin Gravel and loses puck.
14:48 of 2nd period - Snap shot by Joonas Donskoi.
14:48 of 2nd period - Stopped by Hugo Alnefelt with a rebound.
14:53 of 2nd period - Icing by Libor Hajek.
14:54 of 2nd period - Lane Pederson wins face-off versus Taro Hirose in Islanders zone.
14:55 of 2nd period - Snap shot by Kiefer Sherwood.
14:55 of 2nd period - Stopped by Hugo Alnefelt without a rebound.
14:56 of 2nd period - Lane Pederson wins face-off versus Alexander Nylander in Islanders zone.
15:03 of 2nd period - Snap shot by Kiefer Sherwood.
15:03 of 2nd period - Shot Misses the Net.
15:21 of 2nd period - David Farrance is hit by Jack Drury and loses puck.
15:42 of 2nd period - Cole Cassels is hit by Arnaud Durandeau.
15:48 of 2nd period - Hayden Hodgson is hit by Milos Kelemen and loses puck.
16:27 of 2nd period - Slapshot by Kiefer Sherwood.
16:27 of 2nd period - Shot Misses the Net.
16:29 of 2nd period - Slapshot by Turner Ottenbreit.
16:29 of 2nd period - Stopped by Hugo Alnefelt with a rebound.
16:31 of 2nd period - Snap shot by Will Bitten.
16:31 of 2nd period - Stopped by Hugo Alnefelt with a rebound.
16:33 of 2nd period - Slapshot by Kevin Gravel.
16:33 of 2nd period - Stopped by Hugo Alnefelt without a rebound.
16:34 of 2nd period - Lane Pederson wins face-off versus Taro Hirose in Islanders zone.
16:45 of 2nd period - Snap shot by Kiefer Sherwood.
16:45 of 2nd period - Shot Misses the Net.
17:07 of 2nd period - Snap shot by Jack Drury.
17:07 of 2nd period - Shot Misses the Net.
17:09 of 2nd period - Wrist shot by Zach Sanford.
17:09 of 2nd period - Stopped by Hugo Alnefelt with a rebound.
17:23 of 2nd period - Wrist shot by Cole Cassels.
17:23 of 2nd period - Shot Misses the Net.
17:36 of 2nd period - Icing by Turner Ottenbreit.
17:37 of 2nd period - Cedric Paré wins face-off versus Brent Gates Jr. in Wolves zone.
17:42 of 2nd period - Snap shot by Alex Steeves.
17:42 of 2nd period - Shot Blocked by Hayden Hodgson.
18:02 of 2nd period - Hayden Hodgson is hit by Zach Sanford and loses puck.
18:03 of 2nd period - Hayden Hodgson from Islanders is injured at 18:03 of 2nd period (Sprained Left Finger).
18:04 of 2nd period - Alexander Nylander wins face-off versus Will Bitten in Islanders zone.
18:29 of 2nd period - Ryan Schmelzer is hit by Arnaud Durandeau and loses puck.
18:36 of 2nd period - Wrist shot by Joseph Blandisi.
18:36 of 2nd period - Goal by Joseph Blandisi - Islanders : 0 - Wolves : 2.
18:37 of 2nd period - Lane Pederson wins face-off versus Alexander Nylander in neutral zone.
18:42 of 2nd period - Slapshot by Kiefer Sherwood.
18:42 of 2nd period - Shot Misses the Net.
18:44 of 2nd period - Slapshot by Kevin Gravel.
18:44 of 2nd period - Goal by Kevin Gravel - Islanders : 0 - Wolves : 3.
18:45 of 2nd period - Lane Pederson wins face-off versus Ryan Schmelzer in neutral zone.
19:10 of 2nd period - Joonas Donskoi is hit by Libor Hajek.
19:27 of 2nd period - Icing by Libor Hajek.
19:28 of 2nd period - Taro Hirose wins face-off versus Joseph Blandisi in Islanders zone.
19:28 of 2nd period - Taro Hirose is hit by Kevin Gravel.
19:34 of 2nd period - Slapshot by Libor Hajek.
19:34 of 2nd period - Stopped by Nico Daws with a rebound.
19:43 of 2nd period - Off-side.
19:44 of 2nd period - Alexander Nylander wins face-off versus Lane Pederson in neutral zone.
19:53 of 2nd period - Snap shot by Cole Cassels.
19:53 of 2nd period - Stopped by Nico Daws without a rebound.
19:54 of 2nd period - Alexander Nylander wins face-off versus Lane Pederson in Wolves zone.
Goals for this period are 0 for Islanders vs 3 for Wolves.
Shots for this period are 8 for Islanders vs 24 for Wolves.

3rd period


0:01 of 3rd period - Lane Pederson wins face-off versus Alexander Nylander in neutral zone.
0:06 of 3rd period - Wrist shot by Kiefer Sherwood.
0:06 of 3rd period - Stopped by Hugo Alnefelt without a rebound.
0:07 of 3rd period - Ryan Schmelzer wins face-off versus Lane Pederson in Islanders zone.
0:14 of 3rd period - Snap shot by Alexander Nylander.
0:14 of 3rd period - Shot Misses the Net.
0:34 of 3rd period - Wrist shot by Jack Drury.
0:34 of 3rd period - Shot Misses the Net.
1:03 of 3rd period - Icing by Joseph Blandisi.
1:04 of 3rd period - Cedric Paré wins face-off versus Brent Gates Jr. in Wolves zone.
1:04 of 3rd period - Cedric Paré is hit by Alexander Nylander.
1:14 of 3rd period - Snap shot by Tyler Benson.
1:14 of 3rd period - Shot Blocked by Cole Cassels.
1:16 of 3rd period - Wrist shot by Matt Bartkowski.
1:16 of 3rd period - Stopped by Hugo Alnefelt with a rebound.
1:18 of 3rd period - Slapshot by Matt Bartkowski.
1:18 of 3rd period - Stopped by Hugo Alnefelt without a rebound.
1:19 of 3rd period - Lane Pederson wins face-off versus Cole Cassels in Islanders zone.
1:28 of 3rd period - Wrist shot by Will Bitten.
1:28 of 3rd period - Shot Blocked by Ryan Schmelzer.
1:44 of 3rd period - Joonas Donskoi is hit by David Farrance and loses puck.
2:41 of 3rd period - Icing by Alex Steeves.
2:42 of 3rd period - Cole Cassels wins face-off versus Cedric Paré in Wolves zone.
3:05 of 3rd period - Slapshot by Jack Drury.
3:05 of 3rd period - Shot Misses the Net.
3:21 of 3rd period - Cole Cassels is hit by Lane Pederson and loses puck.
4:03 of 3rd period - Snap shot by Jack Drury.
4:03 of 3rd period - Shot Blocked by Jack Dougherty.
4:44 of 3rd period - Jakub Galvas is hit by Tyler Benson and loses puck.
5:05 of 3rd period - Minor Penalty to Ty Smith for Tripping.
5:06 of 3rd period - Alexander Nylander wins face-off versus Jack Drury in Wolves zone.
5:33 of 3rd period - Kiefer Sherwood is hit by Jack Dougherty.
5:47 of 3rd period - Cole Cassels is hit by Turner Ottenbreit and loses puck.
6:18 of 3rd period - Turner Ottenbreit is hit by Mitchell Vande Sompel and loses puck.
6:55 of 3rd period - Matt Tennyson is hit by Tyler Madden and loses puck.
7:05 of 3rd period - Penalty to Ty Smith is over, Ty Smith is back on ice.
8:25 of 3rd period - Wrist shot by Jack Drury.
8:25 of 3rd period - Stopped by Hugo Alnefelt without a rebound.
8:26 of 3rd period - Taro Hirose wins face-off versus Jack Drury in Islanders zone.
9:21 of 3rd period - Minor Penalty to Turner Ottenbreit for Roughing.
9:22 of 3rd period - Jack Drury wins face-off versus Alexander Nylander in Wolves zone.
9:22 of 3rd period - Jack Drury is hit by Alexander Nylander.
9:49 of 3rd period - Jack Drury is hit by Libor Hajek.
11:21 of 3rd period - Penalty to Turner Ottenbreit is over, Turner Ottenbreit is back on ice.
11:42 of 3rd period - Icing by Libor Hajek.
11:43 of 3rd period - Taro Hirose wins face-off versus Joseph Blandisi in Islanders zone.
12:07 of 3rd period - Jakub Galvas is hit by Kevin Gravel and loses puck.
12:24 of 3rd period - Snap shot by Joseph Blandisi.
12:24 of 3rd period - Stopped by Hugo Alnefelt with a rebound.
12:26 of 3rd period - Wrist shot by Joseph Blandisi.
12:26 of 3rd period - Stopped by Hugo Alnefelt with a rebound.
13:27 of 3rd period - Jakub Galvas is hit by Milos Kelemen and loses puck.
13:49 of 3rd period - Icing by Will Bitten.
13:50 of 3rd period - Lane Pederson wins face-off versus Taro Hirose in Wolves zone.
13:50 of 3rd period - Lane Pederson is hit by Mitchell Vande Sompel.
14:40 of 3rd period - Wrist shot by Tyler Benson.
14:40 of 3rd period - Stopped by Hugo Alnefelt with a rebound.
14:42 of 3rd period - Slapshot by Ty Smith.
14:42 of 3rd period - Deflect By Alex Steeves.
14:42 of 3rd period - Stopped by Hugo Alnefelt with a rebound.
14:44 of 3rd period - Snap shot by Alex Steeves.
14:44 of 3rd period - Goal by Alex Steeves - Islanders : 0 - Wolves : 4.
14:45 of 3rd period - Alexander Nylander wins face-off versus Lane Pederson in neutral zone.
14:48 of 3rd period - Slapshot by David Farrance.
14:48 of 3rd period - Shot Blocked by Lane Pederson.
16:14 of 3rd period - Joseph Blandisi is hit by Ryan Schmelzer and loses puck.
16:36 of 3rd period - Slapshot by Mitchell Vande Sompel.
16:36 of 3rd period - Stopped by Nico Daws with a rebound.
16:42 of 3rd period - Slapshot by Tyler Madden.
16:42 of 3rd period - Shot Misses the Net.
16:44 of 3rd period - Snap shot by Tyler Madden.
16:44 of 3rd period - Stopped by Nico Daws without a rebound.
16:45 of 3rd period - Alexander Nylander wins face-off versus Lane Pederson in Wolves zone.
16:46 of 3rd period - Slapshot by Cole Cassels.
16:46 of 3rd period - Stopped by Nico Daws with a rebound.
16:51 of 3rd period - Kiefer Sherwood beats up Libor Hajek.
16:51 of 3rd period - Penalty to Kiefer Sherwood for Fighting.
16:51 of 3rd period - Penalty to Libor Hajek for Fighting.
16:51 of 3rd period - Penalty to Kiefer Sherwood for instigated a fight.
16:51 of 3rd period - Penalty to Kiefer Sherwood for instigated a fight.
16:52 of 3rd period - Jack Drury wins face-off versus Alexander Nylander in Islanders zone.
16:55 of 3rd period - Wrist shot by Joonas Donskoi.
16:55 of 3rd period - Shot Misses the Net.
17:00 of 3rd period - Off-side.
17:01 of 3rd period - Jack Drury wins face-off versus Alexander Nylander in neutral zone.
17:22 of 3rd period - Wrist shot by Alexander Nylander.
17:22 of 3rd period - Stopped by Nico Daws with a rebound.
17:24 of 3rd period - Slapshot by Matt Coronato.
17:24 of 3rd period - Deflect By Cole Cassels.
17:24 of 3rd period - Goal by Cole Cassels - Islanders : 1 - Wolves : 4.
17:25 of 3rd period - Lane Pederson wins face-off versus Alexander Nylander in neutral zone.
18:13 of 3rd period - Alexander Nylander is hit by Cedric Paré and loses puck.
18:18 of 3rd period - Snap shot by Tyler Benson.
18:18 of 3rd period - Deflect By Cedric Paré.
18:18 of 3rd period - Deflect By Mitchell Vande Sompel.
18:18 of 3rd period - Shot Misses the Net.
18:18 of 3rd period - Puck is out of play.
18:19 of 3rd period - Lane Pederson wins face-off versus Alexander Nylander in Islanders zone.
18:20 of 3rd period - Snap shot by Will Bitten.
18:20 of 3rd period - Deflect By Joonas Donskoi.
18:20 of 3rd period - Shot Blocked by Jack Dougherty.
18:20 of 3rd period - Puck is out of play.
18:21 of 3rd period - Lane Pederson wins face-off versus Alexander Nylander in Islanders zone.
18:22 of 3rd period - Snap shot by Will Bitten.
18:22 of 3rd period - Stopped by Hugo Alnefelt without a rebound.
18:23 of 3rd period - Alexander Nylander wins face-off versus Will Bitten in Islanders zone.
18:28 of 3rd period - Lane Pederson is hit by Matt Coronato and loses puck.
18:33 of 3rd period - Snap shot by Matt Coronato.
18:33 of 3rd period - Goal by Matt Coronato - Islanders : 2 - Wolves : 4.
18:34 of 3rd period - Joseph Blandisi wins face-off versus Cole Cassels in neutral zone.
18:37 of 3rd period - David Farrance is hit by Joseph Blandisi and loses puck.
19:05 of 3rd period - Wrist shot by Matt Coronato.
19:05 of 3rd period - Shot Misses the Net.
19:07 of 3rd period - Slapshot by Mitchell Vande Sompel.
19:07 of 3rd period - Stopped by Nico Daws without a rebound.
19:08 of 3rd period - Lane Pederson wins face-off versus Alexander Nylander in Wolves zone.
Goals for this period are 2 for Islanders vs 1 for Wolves.
Shots for this period are 7 for Islanders vs 10 for Wolves.